 Dungeon Crawl Stone Soup version 0.29.0-11-gd7f09526c8 (webtiles) character file.

Game seed: 3288016370947106625

5451 robertstho the Cleaver (level 10, -10/84 HPs)
             Began as a Vine Stalker Berserker on Sept 6, 2022.
             Was an Elder of Trog.
             Mangled by a cyclops (17 damage)
             ... on level 9 of the Dungeon.
             The game lasted 00:12:16 (8249 turns).

robertstho the Cleaver (Vine Stalker Berserker)     Turns: 8249, Time: 00:12:17

Health: -10/84     AC: 18    Str: 24    XL:     10   Next: 68%
Magic:  0/11       EV:  8    Int: 17    God:    Trog [****..]
Gold:   820        SH:  0    Dex: 14    Spells: 9/9 levels left

rFire   + . .      SeeInvis +   n - +9 hand axe of the Establishment {venom, rF+ Int+4}
rCold   . . .      Faith    .   (no shield)
rNeg    . . .      Spirit   +   J - +1 plate armour {rPois}
rPois   +          Reflect  .   y - +0 helmet {SInv}
rElec   .          Harm     .   G - +0 cloak
rCorr   .          Rampage  .   (no gloves)
Will    +....                   F - +0 pair of boots
Stlth   ..........              w - amulet of regeneration
HPRegen 1.84/turn               g - +6 ring of intelligence
MPRegen 0.12/turn               c - ring of flight

@: berserking, flying, very quick
A: fangs 3, regeneration 1, magic shield, antimagic bite, no potion heal 2
a: Renounce Religion, Berserk, Trog's Hand, Brothers in Arms


You were on level 9 of the Dungeon.
You worshipped Trog.
Trog was greatly pleased with you.
You visited 1 branch of the dungeon, and saw 9 of its levels.
You also visited: Bailey.

You collected 1121 gold pieces.
You spent 301 gold pieces at shops.

Inventory:

Hand Weapons
 n - the +9 hand axe of the Establishment (weapon) {venom, rF+ Int+4}
   (You found it on level 2 of the Dungeon)

   It poisons the flesh of those it strikes.
   Int:       It affects your intelligence (+4).
   rF:        It protects you from fire.
 C - a +2 broad axe of flaming
Missiles
 a - 7 throwing nets (quivered)
Armour
 y - a +0 helmet of see invisible (worn)
 E - a +2 leather armour of fire resistance
 F - a +0 pair of boots (worn)
 G - a +0 cloak (worn)
 J - a +1 plate armour of poison resistance (worn)
Jewellery
 c - a ring of flight (right hand)
 g - a +6 ring of intelligence (left hand)
 q - a ring of fire
 w - an amulet of regeneration (around neck)
Wands
 p - a wand of light (11)
 r - a wand of paralysis (6)
 v - a wand of iceblast (3)
 B - a wand of polymorph (5)
 D - a wand of flame (23)
 I - a wand of digging (3)
Scrolls
 f - 3 scrolls of summoning
 i - 10 scrolls of teleportation
 k - 2 scrolls of blinking
 o - 2 scrolls of fear
 s - a scroll of brand weapon {unknown}
 x - 2 scrolls of fog
 z - a scroll of magic mapping
 A - a scroll of enchant weapon
 H - 2 scrolls of enchant armour
 K - a scroll of poison {unknown}
Potions
 b - 2 potions of resistance
 d - 5 potions of curing
 e - 3 potions of haste {unknown}
 h - 2 potions of ambrosia {unknown}
 j - 2 potions of lignification {unknown}
 l - a potion of mutation {unknown}
 m - a potion of heal wounds {unknown}
 t - 2 potions of might
 u - 2 potions of invisibility
 L - a potion of magic {unknown}


   Skills:
 * Level 7.9 Fighting
 + Level 8.1 Axes
 * Level 7.8 Armour
 + Level 2.8 Dodging
 + Level 2.0 Stealth
 + Level 3.5 Unarmed Combat


You had 9 spell levels left.
You didn't know any spells.
Your spell library was empty.

Dungeon Overview and Level Annotations

Branches:
Dungeon (9/15)             Temple (0/1) D:7            Lair (0/5) D:9
 Bailey (visited)
    Orc: D:9-12

Altars:
Elyvilon
Makhleb
Ru
Wu Jian
Zin

Shops:
D:5 *   D:7 *

Annotations:
D:4 2 transporters, blackman's ghost, amateur DsFi


Innate Abilities, Weirdness & Mutations

You have razor-sharp teeth.
Your natural rate of healing is unusually fast.
When hurt, damage is shared between your health and your magic reserves.
Your bite disrupts and absorbs the magic of your enemies.
Potions cannot restore your health.


Message History

You bite the wyvern. You drain its power.
The wyvern is severely wounded.
The wyvern bites you!
You slash the wyvern!
You kill the wyvern!
Trog accepts your kill.
No target in view!
HP restored.
Magic restored.
Found a scroll of amnesia.
k - 2 scrolls of blinking (gained 1)
You see here a +0 great sword.
L - a silvery potion
Found a stone staircase leading up.
Found a stone staircase leading down.
There is a stone staircase leading down here.
You now have 820 gold pieces (gained 6).
Found a leather armour.
You see here a +0 leather armour.
You see here a +0 hand axe.
You see here a +0 hand axe.
A cyclops comes into view.
A cyclops is nearby!
A cyclops is nearby!
A cyclops is nearby!
A cyclops is nearby!
A cyclops is nearby!
The cyclops throws a large rock.
The large rock hits you!!!
Ouch! That really hurt!
You are too injured to fight recklessly!
You are too injured to fight recklessly!
You are too injured to fight recklessly!
You are too injured to fight recklessly!
The cyclops throws a large rock.
The large rock hits you!!
* * * LOW HITPOINT WARNING * * *
A red film seems to cover your vision as you go berserk!
You feel yourself moving faster!
You feel mighty!
You feel a strong urge to attack something.
The cyclops hits you!!
You die...

.# #.#.# #..####.#
#.###.# .# #.#.#
#..#....# ###..## .#
#.#.###..#.#..######
#.#### .##
#.#.........))......
##..## ..#
#.#####.###..))#####
###.# #.# #.# #>#
#....# ##..## #.#
#.###....#### #.###
#.# #.#.........##
##..## #.#
#.#..@..<....# ###.#
#.#.# ..#..C.......#
##..## #.#.#
######...###.#
#.#### #.#.# ##.##.#
#.#####..## #.#.#
...#####...#.#
#.##..###.# #.#.#
#.......#..##
#.##.##..## #.#.#
...#####...##
#.##.#.###
#.#.####.#
##.######.##.##..##
#......#.#
#.#......^#.##?..#


You could see a cyclops.

Vanquished Creatures
  Maggie (D:6)
  A troll (D:7)
  A hornet (D:9)
  Grinder (D:4)
  A wyvern (D:9)
  A shadow (D:9)
  Eustachio (D:6)
  Grum (Bailey)
  2 steam dragons
  Menkaure (D:4)
  2 sky beasts
  An ice beast (D:6)
  2 orc warriors (D:8)
  5 centaurs
  4 wolves (Bailey)
  A phantom (D:7)
  A kobold brigand (D:9)
  Blork the orc (D:5)
  A wyvern zombie (D:7)
  3 bullfrogs
  A scorpion (D:6)
  7 gnoll sergeants (Bailey)
  A wight (D:7)
  6 killer bees (D:8)
  2 howler monkeys
  A centaur zombie (D:7)
  A bullfrog zombie (D:7)
  2 orc priests (D:6)
  6 hounds
  2 jellies
  Crazy Yiuf (D:6)
  7 gnoll boudas
  3 iguanas (D:5)
  Ijyb (D:3)
  3 orc wizards
  2 howler monkey zombies (D:7)
  16 gnolls
  6 adders
  2 white imps
  5 worms
  A dart slug (D:2)
  20 orcs
  8 bats
  7 endoplasms
  2 giant cockroaches
  5 goblins
  3 hobgoblins (D:1)
  3 jackals (D:2)
  3 quokkas
  2 ball pythons
  5 frilled lizards
  9 kobolds
  7 rats
182 creatures vanquished.

Vanquished Creatures (others)
  A fungus (D:9)
  A withered plant (D:7)
2 creatures vanquished.

Grand Total: 184 creatures vanquished

Notes
Turn   | Place    | Note
-------+----------+-------------------------------------------
     0 | D:1      | robertstho the Vine Stalker Berserker began the quest for
                  | the Orb.
     0 | D:1      | Reached XP level 1. HP: 11/11 MP: 2/2
   262 | D:1      | Reached XP level 2. HP: 9/16 MP: 1/3
  1238 | D:1      | Found a faded altar of an unknown god.
  1319 | D:2      | Identified the +9 hand axe of the Establishment {venom, rF+
                  | Int+4}
  1414 | D:2      | Reached XP level 3. HP: 19/20 MP: 4/4
  1570 | D:2      | Reached ** piety under Trog
  2368 | D:2      | Gained mutation: Your natural rate of healing is unusually
                  | fast. [Vine Stalker growth]
  2368 | D:2      | Reached XP level 4. HP: 19/24 MP: 3/5
  3069 | D:3      | Reached skill level 1 in Axes
  3072 | D:3      | Noticed Ijyb
  3079 | D:3      | Killed Ijyb
  3080 | D:3      | Reached XP level 5. HP: 29/29 MP: 3/6
  3285 | D:4      | Noticed Grinder
  3296 | D:4      | Killed Grinder
  3297 | D:4      | Reached skill level 2 in Axes
  3297 | D:4      | Reached skill level 1 in Stealth
  3297 | D:4      | Reached XP level 6. HP: 34/34 MP: 5/7
  3495 | D:4      | Found a burning altar of Makhleb.
  3501 | D:4      | Found a glowing silver altar of Zin.
  3501 | D:4      | Noticed an angel
  3501 | D:4      | Noticed a cacodemon
  3588 | D:4      | Noticed Menkaure
  3595 | D:4      | Killed Menkaure
  3596 | D:4      | Reached skill level 3 in Axes
  3596 | D:4      | Reached XP level 7. HP: 36/38 MP: 8/8
  3640 | D:4      | Identified the +0 leather armour of Perfidy {Int+4}
  3669 | D:4      | Noticed blackman's ghost (amateur DsFi)
  3686 | D:4      | Found a transporter.
  3689 | D:4      | Found a transporter.
  3879 | D:5      | Entered Level 5 of the Dungeon
  3994 | D:5      | Found Buraitt's Gadget Gallery.
  4083 | D:5      | Found a white marble altar of Elyvilon.
  4134 | D:5      | Noticed Blork the orc
  4144 | D:5      | Killed Blork the orc
  4442 | D:6      | Noticed Maggie
  4447 | D:6      | Killed Maggie
  4448 | D:6      | Reached skill level 5 in Fighting
  4448 | D:6      | Reached skill level 4 in Axes
  4448 | D:6      | Gained mutation: You have razor-sharp teeth. [Vine Stalker
                  | growth]
  4448 | D:6      | Reached XP level 8. HP: 43/43 MP: 9/9
  4632 | D:6      | Noticed Eustachio
  4641 | D:6      | Killed Eustachio
  4707 | D:6      | Reached skill level 5 in Axes
  4727 | D:6      | Reached skill level 5 in Armour
  4790 | D:6      | Found a runed translucent door.
  4791 | D:6      | Noticed Crazy Yiuf
  4982 | D:6      | Found a sacrificial altar of Ru.
  5268 | D:6      | Killed Crazy Yiuf
  5343 | D:7      | Found a staircase to the Ecumenical Temple.
  5382 | D:7      | Reached XP level 9. HP: 48/48 MP: 10/10
  5416 | D:7      | Identified the +0 leather armour of the Eternal Fruit
                  | {Rampage *Slow rN+ Dex+3}
  5454 | D:7      | Found Xiwk's Assorted Antiques.
  5454 | D:7      | Noticed a troll
  5461 | D:7      | Killed a troll
  5587 | D:7      | Bought a scroll of identify for 66 gold pieces
  5606 | D:7      | Reached *** piety under Trog
  5607 | D:7      | Reached skill level 6 in Axes
  6120 | D:8      | Found a flagged portal.
  6199 | Bailey   | Entered a bailey
  6494 | Bailey   | Reached XP level 10. HP: 50/55 MP: 9/11
  6505 | Bailey   | Reached skill level 7 in Axes
  6514 | Bailey   | Noticed Grum
  6530 | Bailey   | Reached **** piety under Trog
  6538 | Bailey   | Killed Grum
  7105 | D:8      | Found an ornate altar of the Wu Jian Council.
  7621 | D:5      | Bought a wand of digging (4) for 235 gold pieces
  7734 | D:8      | Identified the +12 lajatang of Wicked Action {venom, *Rage
                  | Dex+3 Stlth+}
  7909 | D:9      | Reached skill level 8 in Axes
  7932 | D:9      | Found a staircase to the Lair.
  8243 | D:9      | Noticed a cyclops
  8247 | D:9      | HP: 2/56 [cyclops/large rock (25)]
  8249 | D:9      | Mangled by a cyclops

Illustrated notes

Levels and vault maps discovered:
D:1:      eino_arrival_druids_welcome, layout_rooms,
          shapermc_ecumenical_altar_acropolis
D:2:      minmay_recursive_quarters, layout_loops_ring, moated_statue
D:3:      layout_loops_ring, serial_bayou_pond_d, minmay_liquid_box, uniq_ijyb
D:4:      layout_loops_ring, grunt_temple_overflow_order_and_chaos_2,
          gammafunk_ghost_arena, uniq_grinder, uniq_menkaure
D:5:      layout_cave_pools, mainiacjoe_overflow_24_doors, nicolae_shop_gadgets,
          uniq_blork_the_orc
D:6:      layout_rooms, nicolae_ru_great_annihilating_truth,
          small_statue_intersection, nrook_mini_backslash,
          chequers_serial_rivers_small_a, uniq_maggie, uniq_crazy_yiuf_cottage,
          uniq_eustachio
D:7:      layout_basic, lemuel_temple_firewalk_a, serial_shops, shop,
          serial_undead, serial_undead_a, serial_undead_e, serial_undead_b,
          serial_undead_e
D:8:      minmay_spotlight, layout_loops_cross, general_overflow_altar,
          enter_bailey_8, nicolae_straight_to_the_point
D:9:      layout_loops_ring, dpeg_oklobed_lair, minmay_misc_feat_tower,
          grunt_decor_resistance, uniq_grum

Skill      XL: |  1  2  3  4  5  6  7  8  9 10 |
---------------+-------------------------------+-----
Fighting       | 3 4 5 6 7 |  7.9
Armour         | 2 3 4 5 6 7 |  7.8
Axes           | 1 2 3 4 5 6 8 |  8.1
Dodging        | 2 |  2.8
Stealth        | 1 2 |  2.0
Unarmed Combat | |  3.5

Action                   |  1- 3 |  4- 6 |  7- 9 | 10-12 || total
-------------------------+-------+-------+-------+-------++-------
Melee: Unarmed           |    65 |       |       |       ||    65
       Bite              |    19 |     8 |    49 |    32 ||   108
       Hand axe          |    32 |    46 |   162 |   112 ||   352
       Punch             |     1 |       |     3 |     3 ||     7
Invok: Berserk           |     2 |     2 |     6 |     3 ||    13
Evoke: Wand              |       |       |       |     1 ||     1
  Use: Scroll            |     3 |     1 |    12 |     1 ||    17
 Stab: Sleeping          |     1 |       |       |       ||     1
       Paralysed         |       |       |     1 |       ||     1
Armor: Animal skin       |    15 |       |       |       ||    15
       Scale mail        |     1 |     2 |       |       ||     3
       Chain mail        |       |    18 |   111 |       ||   129
       Plate armour      |       |       |    19 |    88 ||   107
Dodge: Dodged            |    63 |    12 |    80 |    63 ||   218
